 Dungeon Crawl Stone Soup version 0.29.0-4-gdea44cf6ec (webtiles) character file.

Game seed: 4649311269283034447

18146 qw the Cleaver (level 12, -4/80 HPs)
             Began as a Gargoyle Berserker on Sept 7, 2022.
             Was a Priest of Trog.
             Slain by Gastronok (22 damage)
             ... on level 3 of the Lair of Beasts.
             The game lasted 00:04:43 (15079 turns).

qw the Cleaver (Gargoyle Berserker)                Turns: 15079, Time: 00:04:44

Health: -4/80      AC: 28    Str: 30    XL:     12   Next: 55%
Magic:  12/12      EV: 13    Int:  5    God:    Trog [***...]
Gold:   726        SH:  0    Dex: 12    Spells: 11/11 levels left

rFire   + . .      SeeInvis .   Y - +3 war axe (vorpal)
rCold   + + .      Faith    .   (no shield)
rNeg    + + +      Spirit   .   h - +2 plate armour
rPois   inf        Reflect  .   (no helmet)
rElec   +          Harm     .   q - scarf {rC+ rF+}
rCorr   .          Rampage  .   (no gloves)
Will    .....                   (no boots)
Stlth   ..........              f - amulet of Zahaca {RegenMP rC+ rN++ Int-2 Dex+3}
HPRegen 0.23/turn               k - +4 ring of protection
MPRegen 0.53/turn               m - ring "Yphomn" {EV+4 Str+3}

@: about to teleport, on berserk cooldown, slowed, very slow
A: sickness immunity, AC +8, negative energy resistance 1, electricity
resistance, torment resistance 1, petrification resistance
a: Renounce Religion, Berserk, Trog's Hand


You were on level 3 of the Lair of Beasts.
You worshipped Trog.
Trog was most pleased with you.
You visited 2 branches of the dungeon, and saw 12 of its levels.

You collected 726 gold pieces.


Innate Abilities, Weirdness & Mutations

You are immune to sickness and miasma.
Your stone body is resilient. (AC +8)
You are immune to poison.
You resist negative energy. (rN+)
You are resistant to electric shocks. (rElec)
You are resistant to unholy torment.
You are immune to petrification.


   Skills:
 - Level 11.0 Fighting
 + Level 14.5 Axes
 - Level 2.0 Throwing
 - Level 9.1 Armour
 - Level 3.0 Dodging


You had 11 spell levels left.
You didn't know any spells.
Your spell library was empty.

Inventory:

Hand Weapons
 r - a +0 morningstar
 Y - a +3 vorpal war axe (weapon)
Missiles
 p - a boomerang (quivered)
Armour
 h - a +2 plate armour (worn)
 q - a scarf of resistance (worn)
Jewellery
 f - the amulet of Zahaca (around neck) {RegenMP rC+ rN++ Int-2 Dex+3}
   (You found it on level 7 of the Dungeon)

   [amulet of magic regeneration]

   It increases your rate of magic regeneration.
   Int:       It affects your intelligence (-2).
   Dex:       It affects your dexterity (+3).
   rC:        It protects you from cold.
   rN:        It greatly protects you from negative energy.
 i - an amulet of regeneration
 k - a +4 ring of protection (left hand)
 m - the ring "Yphomn" (right hand) {EV+4 Str+3}
   (You found it on level 9 of the Dungeon)

   [ring of evasion]

   EV:        It affects your evasion (+4).
   Str:       It affects your strength (+3).
Scrolls
 d - 3 scrolls of identify
 n - 7 scrolls of teleportation
Potions
 a - 4 potions of heal wounds
 b - 5 potions of mutation
 e - 3 potions of might
 g - 3 potions of cancellation
 l - a potion of curing

Dungeon Overview and Level Annotations

Branches:
Dungeon (9/15)             Temple (0/1) D:7            Lair (3/5) D:9
  Swamp (0/4) Lair:2        Snake (0/4) Lair:2
    Orc: D:9-12

Altars:
Cheibriados
Dithmenos
Elyvilon
Gozag
Kikubaaqudgha
Okawaru
Ru
Vehumet
Xom
Yredelemnul
The Shining One

Annotations:
D:5 3 runed translucent doors, qw's ghost, amateur BaCK
D:7 3 runed translucent doors, qw's ghost, novice GrFi
Lair:3 Gastronok


Message History

You hit the death yak.
The death yak is lightly wounded.
The death yak barely misses you.
You hit the death yak but do no damage.
The death yak is lightly wounded.
The death yak gores you!
You slash the death yak!
You punch the death yak, but do no damage.
The death yak is moderately wounded.
You hit the death yak. The death yak barely misses you.
The death yak gores you but does no damage.
You slash the death yak!
The death yak is heavily wounded.
You slash the death yak!
The death yak gores you but does no damage.
You slice the death yak!!
The death yak is severely wounded.
You slash the death yak! You hit the death yak.
The death yak completely misses you. The death yak closely misses you.
The death yak gores you!!
The death yak gores you but does no damage.
The death yak misses you.
Gastronok casts a spell.
Gastronok puts on a burst of speed!
The death yak gores you.
You slash the death yak!
You kill the death yak!
Trog accepts your kill.
You hit the death yak. You barely miss the death yak.
The death yak gores you but does no damage. x2
You barely miss the death yak.
The death yak is moderately wounded.
You hit the death yak. The death yak closely misses you.
The death yak gores you!
15079 ||| READING 8 scrolls of teleportation.
As you read the scroll of teleportation, it crumbles to dust.
You feel strangely unstable.
The death yak gores you but does no damage.
The death yak closely misses you. Gastronok bites you!!
You die...

## # #...##
#.###.###.....P
..#...#.......P#
..............#
......#.......##
#....#..........
#...#..Yw....[.
#...@Y......
##...##.....
#..P## ...
#!.### # ##...#
## #....#
####P###....#
#........####
##...##..##


You could see Gastronok (swift) and 2 death yaks.

Vanquished Creatures
  A two-headed ogre (D:7)
  6 death yaks
  A bog body (Lair:2)
  A manticore (D:7)
  An ugly thing (D:7)
  3 cane toads (Lair:2)
  A gargoyle (D:7)
  Maggie (D:9)
  4 komodo dragons
  An unseen horror (D:7)
  A polar bear (Lair:2)
  3 wyverns
  25 yaks
  2 steam dragons (D:8)
  A basilisk (Lair:2)
  A vampire mosquito (D:7)
  An acid dragon (D:9)
  5 water moccasins
  An orc warrior (D:8)
  A sky beast (D:6)
  A black bear (D:6)
  3 ice beasts
  17 wolves (Lair:2)
  2 phantoms
  3 centaurs
  2 kobold brigands
  5 bullfrogs
  2 scorpions
  A necrophage (D:7)
  3 wights (D:9)
  17 killer bees
  A howler monkey (D:7)
  6 hounds
  3 jellies
  4 orc priests
  4 iguanas
  Ijyb (D:5)
  6 orc wizards
  A hell rat (D:9)
  A mummy (D:7)
  5 adders
  A river rat (D:9)
  A shadow imp (D:7)
  2 white imps
  An ufetubus (D:6)
  3 worms
  A dart slug (D:1)
  44 orcs
  3 endoplasms
  3 giant cockroaches
  9 hobgoblins
  3 jackals (D:2)
  5 quokkas
  3 ball pythons
  3 bats
  2 frilled lizards
  5 goblins
  2 hobgoblin zombies (D:7)
  14 kobolds
  A kobold zombie (D:7)
  An orc zombie (D:7)
  6 rats
262 creatures vanquished.

Vanquished Creatures (others)
  An orc wizard (D:7)
  3 fungi
  20 plants
24 creatures vanquished.

Grand Total: 286 creatures vanquished

Notes
Turn   | Place    | Note
-------+----------+-------------------------------------------
     0 | D:1      | qw the Gargoyle Berserker began the quest for the Orb.
     0 | D:1      | Reached XP level 1. HP: 14/14 MP: 1/1
     0 | D:1      | 0 ||| qw: Version: 0.1-a-108-g9e35731
     0 | D:1      | 0 ||| qw: Game counter: 6517
     0 | D:1      | 0 ||| qw: Always use a shield: true
     0 | D:1      | 0 ||| qw: Do Orc after D:15 true
     0 | D:1      | 0 ||| qw: Do second Lair branch before Depths: true
     0 | D:1      | 0 ||| qw: Lair rune preference: random
     0 | D:1      | 0 ||| qw: Plans: Normal
     0 | D:1      | 0 ||| PLANNING D:1-11
    80 | D:1      | 80 ||| INVOKING Berserk.
   324 | D:1      | Reached skill level 3 in Axes
   379 | D:1      | 379 ||| INVOKING Berserk.
   380 | D:1      | HP: 5/21 [dart slug/slug dart (3)]
   383 | D:1      | Reached XP level 2. HP: 7/19 MP: 2/2
   671 | D:1      | Found a faded altar of an unknown god.
  1126 | D:1      | 1126 ||| UPGRADING to +0 scale mail.
  1136 | D:1      | 1136 ||| DROPPING +0 animal skin.
  1137 | D:1      | 1137 ||| READING scroll labelled JANNIFR MITTIZI.
  1138 | D:1      | 1138 ||| READING scroll labelled TOIJ ADIUHYCW.
  1139 | D:1      | 1139 ||| READING 2 scrolls labelled FAWOJI URHAISI.
  1140 | D:1      | 1140 ||| READING scroll labelled GEGAUL KYOSCH.
  1141 | D:1      | 1141 ||| DRINKING 2 cyan potions.
  1142 | D:1      | 1142 ||| DROPPING scroll of immolation.
  1317 | D:2      | Identified the +0 ring mail of the Hundredfold Friars {+Inv
                  | rF+ rCorr}
  1352 | D:2      | 1352 ||| FLEEEEING.
  1355 | D:2      | 1355 ||| FLEEEEING.
  1356 | D:2      | 1356 ||| FLEEEEING.
  1357 | D:2      | 1357 ||| FLEEEEING.
  1360 | D:2      | 1360 ||| FLEEEEING.
  1361 | D:2      | 1361 ||| FLEEEEING.
  1362 | D:2      | 1362 ||| FLEEEEING.
  1363 | D:2      | 1363 ||| FLEEEEING.
  1364 | D:2      | 1364 ||| FLEEEEING.
  1368 | D:2      | 1368 ||| FLEEEEING.
  1369 | D:2      | 1369 ||| FLEEEEING.
  1370 | D:2      | 1370 ||| FLEEEEING.
  1371 | D:2      | 1371 ||| FLEEEEING.
  1372 | D:2      | 1372 ||| FLEEEEING.
  1373 | D:2      | 1373 ||| FLEEEEING.
  1374 | D:2      | 1374 ||| FLEEEEING.
  1472 | D:2      | Reached XP level 3. HP: 21/23 MP: 3/3
  1587 | D:2      | 1587 ||| INVOKING Berserk.
  1588 | D:2      | 1588 ||| INVOKING Berserk.
  1860 | D:2      | 1860 ||| INVOKING Berserk.
  2084 | D:2      | 2084 ||| Stepping ~*~*~tactically~*~*~ (hiding).
  2093 | D:2      | Reached skill level 4 in Axes
  2243 | D:2      | 2243 ||| UPGRADING to +0 ring mail of the Hundredfold
                  | Friars {+Inv rF+ rCorr}.
  2253 | D:2      | 2253 ||| UPGRADING to amulet of guardian spirit.
  2258 | D:2      | 2258 ||| READING scroll labelled MUHEANK LEKLY.
  2259 | D:2      | 2259 ||| READING scroll labelled HOFAEZX LEMOKH.
  2506 | D:3      | 2506 ||| Stepping ~*~*~tactically~*~*~ (stealth).
  2583 | D:3      | 2583 ||| DROPPING +0 club.
  2641 | D:3      | 2641 ||| Stepping ~*~*~tactically~*~*~ (stealth).
  2668 | D:3      | 2668 ||| INVOKING Berserk.
  2716 | D:3      | 2716 ||| Stepping ~*~*~tactically~*~*~ (stealth).
  2717 | D:3      | 2717 ||| Stepping ~*~*~tactically~*~*~ (stealth).
  2720 | D:3      | 2720 ||| INVOKING Berserk.
  2726 | D:3      | 2726 ||| INVOKING Berserk.
  2728 | D:3      | Reached XP level 4. HP: 19/28 MP: 4/4
  3010 | D:3      | 3010 ||| Stepping ~*~*~tactically~*~*~ (stealth).
  3397 | D:3      | Found an opulent altar of Gozag.
  3397 | D:3      | Found a sacrificial altar of Ru.
  3773 | D:3      | 3773 ||| DROPPING +0 scale mail.
  3774 | D:3      | 3774 ||| UPGRADING to +0 chain mail.
  3784 | D:3      | 3784 ||| READING scroll labelled ZURULE ABO BEWN.
  3785 | D:3      | 3785 ||| READING 2 scrolls labelled HABREP GETIO.
  3789 | D:3      | 3789 ||| READING 3 scrolls of identify.
  3789 | D:3      | 3789 ||| IDENTIFYING murky ruby potion
  3790 | D:3      | 3790 ||| READING 2 scrolls of identify.
  3790 | D:3      | 3790 ||| IDENTIFYING fuming inky potion
  3791 | D:3      | 3791 ||| DROPPING potion of ambrosia.
  3877 | D:4      | Reached skill level 5 in Axes
  4230 | D:4      | 4230 ||| Stepping ~*~*~tactically~*~*~ (stealth).
  4233 | D:4      | Reached ** piety under Trog
  4238 | D:4      | 4238 ||| FLEEEEING.
  4253 | D:4      | 4253 ||| INVOKING Berserk.
  4256 | D:4      | Reached XP level 5. HP: 33/33 MP: 3/5
  4338 | D:4      | 4338 ||| INVOKING Berserk.
  4521 | D:4      | 4521 ||| SWAPPING to +0 war axe.
  4522 | D:4      | 4522 ||| DROPPING +0 hand axe.
  4723 | D:4      | Found a basalt altar of Yredelemnul.
  4892 | D:4      | 4892 ||| UPGRADING to scarf of resistance.
  4897 | D:4      | 4897 ||| READING scroll labelled QUZUUZ ZOCW.
  4898 | D:4      | 4898 ||| DRINKING 2 orange potions.
  4899 | D:4      | 4899 ||| READING 3 scrolls of identify.
  4899 | D:4      | 4899 ||| IDENTIFYING ruby potion
  4900 | D:4      | 4900 ||| READING 2 scrolls of identify.
  4900 | D:4      | 4900 ||| IDENTIFYING puce potion
  4901 | D:4      | 4901 ||| DROPPING potion of invisibility.
  4919 | D:5      | Entered Level 5 of the Dungeon
  4921 | D:5      | Noticed Ijyb
  4922 | D:5      | 4922 ||| STAIRDANCE
  5071 | D:5      | 5071 ||| STAIRDANCE
  5076 | D:4      | Reached XP level 6. HP: 35/39 MP: 6/6
  5106 | D:5      | 5106 ||| STAIRDANCE
  5187 | D:5      | 5187 ||| INVOKING Berserk.
  5193 | D:5      | 5193 ||| DRINKING 2 potions of curing.
  5193 | D:5      | 5193 ||| (to cure confusion)
  5196 | D:5      | 5196 ||| DRINKING potion of curing.
  5196 | D:5      | 5196 ||| (to cure confusion)
  5212 | D:5      | Killed Ijyb
  5277 | D:5      | 5277 ||| Stepping ~*~*~tactically~*~*~ (stealth).
  5294 | D:5      | 5294 ||| INVOKING Berserk.
  5295 | D:5      | HP: 12/58 [iguana (9)]
  5296 | D:5      | Reached skill level 6 in Axes
  5416 | D:5      | 5416 ||| FLEEEEING.
  5417 | D:5      | 5417 ||| FLEEEEING.
  5419 | D:5      | 5419 ||| STAIRDANCE
  5543 | D:5      | 5543 ||| STAIRDANCE
  5546 | D:4      | Reached XP level 7. HP: 44/44 MP: 7/7
  5548 | D:5      | 5548 ||| INVOKING Berserk.
  5563 | D:5      | 5563 ||| STAIRDANCE
  5695 | D:5      | Found a runed translucent gate.
  5695 | D:5      | Found a runed translucent gate.
  5695 | D:5      | Found a runed translucent gate.
  5785 | D:5      | Reached skill level 7 in Axes
  5871 | D:5      | Found a shimmering altar of Xom.
  5871 | D:5      | Found a white marble altar of Elyvilon.
  5875 | D:5      | Found an ancient bone altar of Kikubaaqudgha.
  5962 | D:5      | 5962 ||| INVOKING Berserk.
  6217 | D:5      | Noticed qw's ghost (amateur BaCK)
  6360 | D:5      | 6360 ||| DROPPING orb of mayhem.
  6361 | D:5      | 6361 ||| DROPPING ring of flight.
  6420 | D:6      | 6420 ||| Stepping ~*~*~tactically~*~*~ (stealth).
  6449 | D:6      | 6449 ||| INVOKING Berserk.
  6528 | D:6      | 6528 ||| Stepping ~*~*~tactically~*~*~ (stealth).
  6542 | D:6      | 6542 ||| INVOKING Berserk.
  6544 | D:6      | Reached skill level 3 in Armour
  6676 | D:6      | 6676 ||| INVOKING Berserk.
  6682 | D:6      | Reached XP level 8. HP: 49/49 MP: 5/8
  6789 | D:6      | Reached skill level 8 in Axes
  6790 | D:6      | 6790 ||| INVOKING Berserk.
  6798 | D:6      | Reached skill level 6 in Fighting
  7036 | D:6      | 7036 ||| DROPPING +0 mace.
  7303 | D:6      | 7303 ||| DROPPING +0 flail.
  7569 | D:6      | 7569 ||| INVOKING Berserk.
  7771 | D:6      | 7771 ||| DROPPING +0 ring mail of the Hundredfold Friars
                  | {+Inv rF+ rCorr}.
  7772 | D:6      | 7772 ||| UPGRADING to +0 plate armour.
  7782 | D:6      | 7782 ||| DROPPING +0 chain mail.
  7783 | D:6      | 7783 ||| READING 2 scrolls of enchant armour.
  7783 | D:6      | 7783 ||| ENCHANTING +0 plate armour.
  7784 | D:6      | 7784 ||| READING scroll of enchant armour.
  7784 | D:6      | 7784 ||| ENCHANTING +1 plate armour.
  7785 | D:6      | 7785 ||| READING scroll labelled EGUCI PI WEGA.
  7786 | D:6      | 7786 ||| READING 2 scrolls of identify.
  7786 | D:6      | 7786 ||| IDENTIFYING glowing black potion
  7787 | D:6      | 7787 ||| DROPPING potion of lignification.
  7803 | D:7      | 7803 ||| STAIRDANCE
  7817 | D:7      | 7817 ||| INVOKING Berserk.
  7822 | D:7      | Reached skill level 9 in Axes
  7822 | D:7      | Reached XP level 9. HP: 30/55 MP: 4/9
  7839 | D:7      | 7839 ||| Stepping ~*~*~tactically~*~*~ (stealth).
  7863 | D:7      | 7863 ||| Stepping ~*~*~tactically~*~*~ (stealth).
  7870 | D:7      | 7870 ||| Stepping ~*~*~tactically~*~*~ (stealth).
  7871 | D:7      | 7871 ||| Stepping ~*~*~tactically~*~*~ (stealth).
  7875 | D:7      | 7875 ||| INVOKING Berserk.
  7940 | D:7      | 7940 ||| FLEEEEING.
  7941 | D:7      | 7941 ||| FLEEEEING.
  7942 | D:7      | 7942 ||| FLEEEEING.
  7945 | D:7      | 7945 ||| STAIRDANCE
  8080 | D:7      | Identified the amulet of Zahaca {RegenMP rC+ rN++ Int-2
                  | Dex+3}
  8082 | D:7      | Identified the +6 sling "Punkicug" {flame, Fly}
  8093 | D:7      | Noticed a manticore
  8094 | D:7      | 8094 ||| Stepping ~*~*~tactically~*~*~ (stealth).
  8098 | D:7      | 8098 ||| Stepping ~*~*~tactically~*~*~ (stealth).
  8108 | D:7      | 8108 ||| INVOKING Berserk.
  8116 | D:7      | Killed a manticore
  8246 | D:7      | Found a runed translucent gate.
  8247 | D:7      | Found a runed translucent gate.
  8248 | D:7      | Noticed qw's ghost (novice GrFi)
  8248 | D:7      | Found a runed translucent gate.
  8321 | D:7      | Noticed a green ugly thing
  8338 | D:7      | Killed a green ugly thing
  8374 | D:7      | Killed an unseen horror
  8375 | D:7      | Reached skill level 10 in Axes
  8394 | D:7      | Noticed a gargoyle
  8395 | D:7      | 8395 ||| FLEEEEING.
  8396 | D:7      | 8396 ||| FLEEEEING.
  8561 | D:7      | 8561 ||| DRINKING potion of curing.
  8561 | D:7      | 8561 ||| (to cure confusion)
  8562 | D:7      | 8562 ||| Stepping ~*~*~tactically~*~*~ (hiding).
  8574 | D:7      | 8574 ||| Stepping ~*~*~tactically~*~*~ (hiding).
  8591 | D:7      | Killed a gargoyle
  8592 | D:7      | Reached skill level 6 in Armour
  8592 | D:7      | Reached XP level 10. HP: 34/64 MP: 5/10
  8601 | D:7      | 8601 ||| FLEEEEING.
  8602 | D:7      | 8602 ||| FLEEEEING.
  8603 | D:7      | 8603 ||| FLEEEEING.
  8604 | D:7      | 8604 ||| FLEEEEING.
  8605 | D:7      | 8605 ||| FLEEEEING.
  8608 | D:7      | 8608 ||| FLEEEEING.
  8609 | D:7      | 8609 ||| FLEEEEING.
  8610 | D:7      | 8610 ||| FLEEEEING.
  8611 | D:7      | 8611 ||| FLEEEEING.
  8612 | D:7      | 8612 ||| FLEEEEING.
  8613 | D:7      | 8613 ||| FLEEEEING.
  8614 | D:7      | 8614 ||| FLEEEEING.
  8615 | D:7      | 8615 ||| FLEEEEING.
  8626 | D:7      | 8626 ||| FLEEEEING.
  8627 | D:7      | 8627 ||| FLEEEEING.
  8628 | D:7      | 8628 ||| STAIRDANCE
  8743 | D:6      | 8743 ||| UPGRADING to amulet of Zahaca {RegenMP rC+ rN++
                  | Int-2 Dex+3}.
  8753 | D:6      | 8753 ||| DROPPING amulet of guardian spirit.
  8754 | D:6      | 8754 ||| UPGRADING to ring of protection from cold.
  8797 | D:7      | 8797 ||| Stepping ~*~*~tactically~*~*~ (stealth).
  8804 | D:7      | 8804 ||| FLEEEEING.
  8805 | D:7      | 8805 ||| FLEEEEING.
  8806 | D:7      | 8806 ||| FLEEEEING.
  8807 | D:7      | 8807 ||| FLEEEEING.
  8808 | D:7      | 8808 ||| FLEEEEING.
  8809 | D:7      | 8809 ||| FLEEEEING.
  8810 | D:7      | 8810 ||| FLEEEEING.
  8811 | D:7      | 8811 ||| STAIRDANCE
  8874 | D:7      | 8874 ||| STAIRDANCE
  8903 | D:7      | 8903 ||| STAIRDANCE
  8923 | D:7      | 8923 ||| Stepping ~*~*~tactically~*~*~ (hiding).
  8924 | D:7      | 8924 ||| Stepping ~*~*~tactically~*~*~ (hiding).
  9096 | D:7      | Noticed a two-headed ogre
  9097 | D:7      | 9097 ||| INVOKING Berserk.
  9104 | D:7      | Killed a two-headed ogre
  9273 | D:7      | 9273 ||| Stepping ~*~*~tactically~*~*~ (stealth).
  9320 | D:7      | 9320 ||| Stepping ~*~*~tactically~*~*~ (stealth).
  9353 | D:7      | 9353 ||| Stepping ~*~*~tactically~*~*~ (stealth).
  9354 | D:7      | 9354 ||| Stepping ~*~*~tactically~*~*~ (stealth).
  9356 | D:7      | 9356 ||| Stepping ~*~*~tactically~*~*~ (stealth).
  9357 | D:7      | 9357 ||| Stepping ~*~*~tactically~*~*~ (stealth).
  9378 | D:7      | Found an iron altar of Okawaru.
  9378 | D:7      | Found a snail-covered altar of Cheibriados.
  9378 | D:7      | Found a shadowy altar of Dithmenos.
  9378 | D:7      | Found a glowing golden altar of the Shining One.
  9379 | D:7      | 9379 ||| Stepping ~*~*~tactically~*~*~ (hiding).
  9425 | D:7      | Found a staircase to the Ecumenical Temple.
  9662 | D:7      | 9662 ||| Stepping ~*~*~tactically~*~*~ (stealth).
  9667 | D:7      | Reached skill level 11 in Axes
  9684 | D:7      | 9684 ||| Stepping ~*~*~tactically~*~*~ (stealth).
  9687 | D:7      | 9687 ||| Stepping ~*~*~tactically~*~*~ (stealth).
  9688 | D:7      | 9688 ||| Stepping ~*~*~tactically~*~*~ (stealth).
  9835 | D:8      | 9835 ||| FLEEEEING.
  9836 | D:8      | 9836 ||| FLEEEEING.
  9837 | D:8      | 9837 ||| FLEEEEING.
  9838 | D:8      | 9838 ||| STAIRDANCE
 10032 | D:8      | 10032 ||| READING scroll of enchant weapon.
 10032 | D:8      | 10032 ||| ENCHANTING +1 vorpal war axe.
 10168 | D:8      | 10168 ||| INVOKING Berserk.
 10173 | D:8      | Reached skill level 9 in Fighting
 10393 | D:8      | 10393 ||| Stepping ~*~*~tactically~*~*~ (hiding).
 10394 | D:8      | 10394 ||| Stepping ~*~*~tactically~*~*~ (hiding).
 10404 | D:8      | Reached *** piety under Trog
 10410 | D:8      | 10410 ||| INVOKING Berserk.
 10555 | D:8      | 10555 ||| FLEEEEING.
 10556 | D:8      | 10556 ||| FLEEEEING.
 10557 | D:8      | 10557 ||| FLEEEEING.
 10559 | D:8      | 10559 ||| FLEEEEING.
 10563 | D:8      | 10563 ||| INVOKING Berserk.
 11016 | D:8      | 11016 ||| READING scroll labelled YRA YFAINAPS.
 11017 | D:8      | 11017 ||| DRINKING 2 lumpy sapphire potions.
 11018 | D:8      | 11018 ||| READING 4 scrolls of identify.
 11018 | D:8      | 11018 ||| IDENTIFYING smoky dark potion
 11019 | D:8      | 11019 ||| READING 3 scrolls of identify.
 11019 | D:8      | 11019 ||| IDENTIFYING coppery potion
 11020 | D:8      | 11020 ||| DROPPING potion of flight.
 11021 | D:8      | 11021 ||| DROPPING potion of magic.
 11042 | D:9      | 11042 ||| STAIRDANCE
 11074 | D:9      | 11074 ||| STAIRDANCE
 11169 | D:9      | Noticed Maggie
 11182 | D:9      | Killed Maggie
 11258 | D:9      | Reached skill level 12 in Axes
 11258 | D:9      | Reached XP level 11. HP: 62/71 MP: 11/11
 11442 | D:9      | 11442 ||| Stepping ~*~*~tactically~*~*~ (stealth).
 11450 | D:9      | 11450 ||| Stepping ~*~*~tactically~*~*~ (stealth).
 11464 | D:9      | 11464 ||| Stepping ~*~*~tactically~*~*~ (stealth).
 11560 | D:9      | Found a radiant altar of Vehumet.
 11599 | D:9      | Identified the ring "Yphomn" {EV+4 Str+3}
 11635 | D:9      | Found a staircase to the Lair.
 11635 | D:9      | Noticed a death yak
 11636 | D:9      | Noticed a death yak
 11637 | D:9      | 11637 ||| Stepping ~*~*~tactically~*~*~ (stealth).
 11639 | D:9      | 11639 ||| INVOKING Berserk.
 11639 | D:9      | Noticed a death yak
 11646 | D:9      | Killed a death yak
 11654 | D:9      | Killed a death yak
 11664 | D:9      | Killed a death yak
 11762 | D:9      | 11762 ||| Stepping ~*~*~tactically~*~*~ (stealth).
 11765 | D:9      | 11765 ||| Stepping ~*~*~tactically~*~*~ (stealth).
 11767 | D:9      | 11767 ||| Stepping ~*~*~tactically~*~*~ (stealth).
 11770 | D:9      | 11770 ||| Stepping ~*~*~tactically~*~*~ (stealth).
 11773 | D:9      | 11773 ||| Stepping ~*~*~tactically~*~*~ (stealth).
 11775 | D:9      | Reached skill level 13 in Axes
 11790 | D:9      | 11790 ||| Stepping ~*~*~tactically~*~*~ (stealth).
 11791 | D:9      | 11791 ||| INVOKING Berserk.
 11798 | D:9      | 11798 ||| Stepping ~*~*~tactically~*~*~ (hiding).
 12116 | D:9      | 12116 ||| Stepping ~*~*~tactically~*~*~ (hiding).
 12474 | D:9      | 12474 ||| PLANNING LAIR
 12474 | D:9      | 12474 ||| DROPPING +6 ring of intelligence.
 12475 | D:9      | 12475 ||| UPGRADING to ring "Yphomn" {EV+4 Str+3}.
 12476 | D:9      | 12476 ||| READING scroll labelled UGOUKKA ANOGAE.
 12477 | D:9      | 12477 ||| READING scroll labelled JEGIOHOLIALL.
 12530 | D:9      | 12530 ||| READING 4 scrolls of identify.
 12530 | D:9      | 12530 ||| IDENTIFYING metallic purple potion
 12531 | D:9      | 12531 ||| READING 3 scrolls of identify.
 12531 | D:9      | 12531 ||| IDENTIFYING grey potion
 12532 | D:9      | 12532 ||| DROPPING potion of degeneration.
 12533 | D:9      | 12533 ||| DROPPING potion of attraction.
 12580 | Lair:1   | Entered Level 1 of the Lair of Beasts
 12681 | Lair:1   | 12681 ||| READING scroll of enchant weapon.
 12681 | Lair:1   | 12681 ||| ENCHANTING +2 vorpal war axe.
 12936 | Lair:1   | Reached skill level 3 in Dodging
 13243 | Lair:1   | 13243 ||| UPGRADING to +4 ring of protection.
 13245 | Lair:1   | 13245 ||| DROPPING ring of protection from cold.
 13246 | Lair:1   | 13246 ||| READING scroll labelled BECUEBBERGH.
 13247 | Lair:1   | 13247 ||| READING scroll labelled MAECIUG MEIHIY.
 13299 | Lair:2   | 13299 ||| INVOKING Berserk.
 13313 | Lair:2   | Noticed a bog body
 13314 | Lair:2   | Found a staircase to the Swamp.
 13322 | Lair:2   | Killed a bog body
 13465 | Lair:2   | Found a staircase to the Snake Pit.
 13473 | Lair:2   | 13473 ||| INVOKING Berserk.
 13593 | Lair:2   | 13593 ||| INVOKING Berserk.
 13748 | Lair:2   | 13748 ||| INVOKING Berserk.
 13898 | Lair:2   | Reached XP level 12. HP: 77/77 MP: 12/12
 13946 | Lair:2   | Reached skill level 14 in Axes
 14127 | Lair:2   | 14127 ||| Stepping ~*~*~tactically~*~*~ (stealth).
 14279 | Lair:2   | 14279 ||| Stepping ~*~*~tactically~*~*~ (stealth).
 14290 | Lair:2   | Reached **** piety under Trog
 14514 | Lair:3   | 14514 ||| STAIRDANCE
 14516 | Lair:2   | 14516 ||| INVOKING Berserk.
 14626 | Lair:3   | 14626 ||| STAIRDANCE
 14628 | Lair:2   | 14628 ||| INVOKING Berserk.
 14873 | Lair:3   | 14873 ||| STAIRDANCE
 14959 | Lair:3   | 14959 ||| DROPPING +1 flail of protection.
 14971 | Lair:3   | 14971 ||| INVOKING Berserk.
 14976 | Lair:3   | Reached skill level 9 in Armour
 15054 | Lair:3   | Noticed a death yak
 15055 | Lair:3   | Noticed a death yak
 15059 | Lair:3   | 15059 ||| INVOKING Berserk.
 15063 | Lair:3   | Noticed a death yak
 15065 | Lair:3   | Killed a death yak
 15067 | Lair:3   | Killed a death yak
 15068 | Lair:3   | Noticed Gastronok
 15069 | Lair:3   | Noticed a death yak
 15070 | Lair:3   | Noticed a death yak
 15077 | Lair:3   | Killed a death yak
 15078 | Lair:3   | HP: 18/80 [death yak (12)]
 15079 | Lair:3   | 15079 ||| READING 8 scrolls of teleportation.
 15079 | Lair:3   | Slain by Gastronok

Levels and vault maps discovered:
D:1:      minmay_arrival_arboretum_small, layout_loops_ring,
          ebering_ecumenical_altar_sacrificial, serial_bayou_ford_a
D:2:      layout_basic, serial_bayou_pond_c
D:3:      layout_loops_corners, chequers_temple_overflow_statue_of_worship
D:4:      layout_basic, nicolae_overflow_hidden_temple, chequers_jeans
D:5:      layout_gridville, gammafunk_temple_overflow_forgotten,
          gammafunk_ghost_nasty_kobolds, uniq_ijyb
D:6:      layout_basic
D:7:      minmay_the_grid_square_5x5_3x3 [minmay_the_grid_square_5x5_corner,
          minmay_the_grid_square_5x5_comb,
          minmay_the_grid_square_5x5_two_walls_b,
          minmay_the_grid_square_5x5_hourglass,
          minmay_the_grid_square_5x5_megaprize_checkered,
          minmay_the_grid_square_5x5_lines,
          minmay_the_grid_square_5x5_eight_small,
          minmay_the_grid_square_5x5_slash,
          minmay_the_grid_square_5x5_checkered], layout_gridville,
          grunt_temple_overflow_cloverleaf, minmay_temple_entry_overgrown,
          biasface_ghost_orc_armoury, minmay_mini_ossuary
D:8:      layout_cave_pods
D:9:      layout_irregular_city, mainiacjoe_overflow_surrounded_room,
          dpeg_lair_monsters, kennysheep_generic_room_9, uniq_maggie
Lair:1:   layout_roguey, grunt_megastairs_4
Lair:2:   layout_regular_city, skrybe_swamp_entry_bodies, dummy_snake_entry,
          grunt_megastairs_1
Lair:3:   layout_misc_corridors, basic_altar, serial_bayou_shore_b,
          uniq_gastronok

Skill      XL: |  1  2  3  4  5  6  7  8  9 10 11 12 |
---------------+-------------------------------------+-----
Axes           | 3 4 5 6 7 9 10 12 13 14 | 14.5
Fighting       | 4 5 6 8 9 10 11 | 11.0
Armour         | 3 4 6 7 8 9 |  9.1
Throwing       | 2 |  2.0
Dodging        | 2 3 |  3.0

Action                   |  1- 3 |  4- 6 |  7- 9 | 10-12 || total
-------------------------+-------+-------+-------+-------++-------
Melee: Hand axe          |   153 |    77 |       |       ||   230
       Punch             |     1 |     2 |     3 |     8 ||    14
       War axe           |       |    62 |   216 |   384 ||   662
Throw: Boomerang         |       |    18 |    34 |    76 ||   128
Invok: Berserk           |     6 |     4 |    10 |    14 ||    34
  Use: Scroll            |     6 |     7 |     4 |    12 ||    29
       Potion            |     1 |     3 |     1 |     1 ||     6
Armor: Animal skin       |     4 |       |       |       ||     4
       Scale mail        |    32 |       |       |       ||    32
       Ring mail         |    24 |    25 |       |       ||    49
       Chain mail        |       |    81 |    99 |       ||   180
       Plate armour      |       |       |   130 |   198 ||   328
Dodge: Dodged            |    93 |    87 |    93 |   169 ||   442

Table legend:
 A = Non-vault XP
 B = Vault XP
 C = Vault XP percentage of total XP
 D = Non-vault monster count
 E = Vault monster count
 F = Vault count percentage of total count
                 A         B        C        D         E       F
            +---------+---------+-------+---------+---------+-------
      Total |   17391 |    8532 |  32.9 |     223 |      40 |  15.2
            +---------+---------+-------+---------+---------+-------
        D:1 |      23 |       0 |   0.0 |      15 |       0 |   0.0
        D:2 |      29 |       0 |   0.0 |      13 |       0 |   0.0
        D:3 |     103 |       0 |   0.0 |      26 |       0 |   0.0
        D:4 |     253 |       0 |   0.0 |      18 |       0 |   0.0
        D:5 |     524 |      36 |   6.4 |      12 |       1 |   7.7
        D:6 |    1252 |       0 |   0.0 |      29 |       0 |   0.0
        D:7 |     557 |    3547 |  86.4 |      20 |      22 |  52.4
        D:8 |    2122 |       0 |   0.0 |      27 |       0 |   0.0
        D:9 |    3363 |    3018 |  47.3 |      27 |       8 |  22.9
     Lair:1 |     763 |     151 |  16.5 |       4 |       1 |  20.0
     Lair:2 |    5064 |    1780 |  26.0 |      25 |       8 |  24.2
     Lair:3 |    3338 |       0 |   0.0 |       7 |       0 |   0.0
            +---------+---------+-------+---------+---------+-------
